 Dungeon Crawl Stone Soup version 0.21-a0-538-gd16b88a (webtiles) character file.

912 slep the Slasher (level 8, -1/62 HPs)
             Began as a Formicid Fighter on Dec 17, 2017.
             Was a Believer of Okawaru.
             Killed from afar by Ijyb (14 damage)
             ... with a wand of acid (7)
             ... on level 5 of the Dungeon.
             The game lasted 00:16:16 (3628 turns).

slep the Slasher (Formicid Fighter)                 Turns: 3628, Time: 00:16:16

Health: -1/62      AC:  2    Str: 21    XL:     8   Next: 30%
Magic:  8/8        EV: 13    Int:  8    God:    Okawaru [**....]
Gold:   186        SH:  0    Dex: 12    Spells: 7/7 levels left

rFire    . . .     SeeInvis +   a - +0 long sword
rCold    . . .     Gourm    .   (no shield)
rNeg     . . .     Faith    .   A - +0 robe (curse)
rPois    .         Spirit   .   (helmet unavailable)
rElec    .         Reflect  .   (no cloak)
rCorr    .         Harm     .   s - +0 pair of gloves (curse)
MR       .....                  p - +0 pair of boots (curse)
Stlth    ++........             (no amulet)
HPRegen  0.20/turn              u - +2 ring of protection
MPRegen  0.11/turn              (no ring)

@: corroded
A: permanent stasis, dig shafts and tunnels, four strong arms, antennae 3
a: Dig, Shaft Self, Heroism, Renounce Religion


You were on level 5 of the Dungeon.
You worshipped Okawaru.
Okawaru was pleased with you.
You were hungry.

You visited 1 branch of the dungeon, and saw 5 of its levels.

You collected 186 gold pieces.

Inventory:

Hand Weapons
 a - a +0 long sword (weapon)
Armour
 b - a +0 scale mail
 p - a cursed +0 pair of boots (worn)
 s - a cursed +0 pair of gloves (worn)
 A - a cursed +0 robe (worn)
Jewellery
 u - a +2 ring of protection (left hand)
Wands
 r - a wand of random effects (17)
 y - a wand of flame (23)
Scrolls
 c - a scroll of remove curse {unknown}
 g - 6 scrolls of identify {unknown}
 j - a scroll of random uselessness {unknown}
 k - 2 scrolls of blinking {unknown}
 l - a scroll of amnesia {unknown}
 o - 3 scrolls of immolation {unknown}
 q - 5 scrolls of teleportation {unknown}
 x - a scroll of fog {unknown}
Potions
 d - a potion of ambrosia {unknown}
 e - 2 potions of flight {unknown}
 h - a potion of brilliance {unknown}
 i - 4 potions of curing {unknown}
 m - a potion of haste {unknown}
 t - a potion of heal wounds {unknown}
 w - 2 potions of degeneration {unknown}
 z - a potion of invisibility {unknown}
Comestibles
 f - 4 bread rations
 n - 3 meat rations
 v - 2 royal jellies


   Skills:
 + Level 5.2 Fighting
 + Level 6.4 Long Blades
 + Level 5.0 Armour
 + Level 2.8 Dodging
 + Level 1.9 Stealth
   Level 3.6 Shields
 + Level 0.2 Evocations


You had 7 spell levels left.
You didn't know any spells.

Dungeon Overview and Level Annotations

Branches:
Dungeon (5/15)
 Temple: D:4-7

Altars:
Okawaru
Trog
Uskayaw
Vehumet
Zin

Shops:
D:4 (

Annotations:
D:5 Ijyb


Innate Abilities, Weirdness & Mutations

You cannot be hasted, slowed, berserked, paralysed or teleported.
You can dig through walls and to a lower floor.
Your four strong arms can wield two-handed weapons with a shield.
You have a pair of large antennae on your head. (SInv)


Message History

Ijyb is almost dead.
Ijyb zaps a wand.
The bolt of acid hits you! The acid corrodes you!
You are splashed with acid!
The acid burns!
* * * LOW HITPOINT WARNING * * *
You hit Ijyb but do no damage.
Ijyb is almost dead.
Ijyb misses you.
You hit Ijyb but do no damage.
Ijyb is almost dead.
You feel sick.
You are no longer poisoned.
Ijyb hits you with a club.
* * * LOW HITPOINT WARNING * * *
You hit Ijyb but do no damage.
Ijyb is almost dead.
Ijyb hits you but does no damage.
You hit Ijyb but do no damage.
Ijyb is almost dead.
Ijyb zaps a wand.
The bolt of acid hits you!
You die...

.........########.....#
......................#
.....############.....#
##..... .##..........#
####.## .......†######
#.# ###.....###### #..
#..........# ##
###..........#
.......@.....#
##......g....#
#.#.........#
#.#...####### # ###% ##


You could see Ijyb.

Vanquished Creatures
  Eustachio (D:5)
  The ghost of sirboomalot the Slasher, an amateur OpCK of Xom (D:3)
  A phantom (D:4)
  An ogre (D:4)
  A howler monkey (D:4)
  2 jellies (D:5)
  A hound (D:5)
  A centaur skeleton (D:4)
  2 bullfrog skeletons
  Jessica (D:3)
  A worker ant (D:5)
  3 gnolls
  3 adders
  4 worms
  3 dart slugs
  3 leopard geckos
  8 orcs
  11 bats
  9 giant cockroaches
  11 goblins
  6 hobgoblins
  11 jackals
  A quokka (D:3)
  10 frilled lizards
  5 kobolds
  A quokka skeleton (D:4)
  15 rats
117 creatures vanquished.

Notes
Turn   | Place    | Note
-------+----------+-------------------------------------------
     0 | D:1      | slep the Formicid Fighter began the quest for the Orb.
     0 | D:1      | Reached XP level 1. HP: 18/18 MP: 1/1
    91 | D:1      | Reached XP level 2. HP: 19/25 MP: 2/2
   335 | D:1      | Reached XP level 3. HP: 30/30 MP: 3/3
   516 | D:2      | Found an iron altar of Okawaru.
   522 | D:2      | Became a worshipper of Warmaster Okawaru
   664 | D:2      | Reached XP level 4. HP: 12/37 MP: 4/4
  1196 | D:3      | Noticed sirboomalot's ghost (amateur OpCK)
  1251 | D:3      | Reached skill level 3 in Long Blades
  1338 | D:4      | Found a radiant altar of Vehumet.
  1341 | D:4      | Reached XP level 5. HP: 42/42 MP: 5/5
  1397 | D:4      | Reached * piety under Okawaru
  1397 | D:4      | Reached skill level 1 in Dodging
  1758 | D:4      | Noticed a phantom
  1762 | D:4      | Reached XP level 6. HP: 42/49 MP: 6/6
  1804 | D:4      | Killed a phantom
  1804 | D:4      | Reached skill level 4 in Long Blades
  1833 | D:4      | Noticed an ogre
  1869 | D:3      | Killed sirboomalot's ghost
  1869 | D:3      | Reached skill level 5 in Long Blades
  1869 | D:3      | Reached XP level 7. HP: 46/55 MP: 7/7
  1905 | D:3      | Found a bloodstained altar of Trog.
  1922 | D:4      | Reached ** piety under Okawaru
  1922 | D:4      | Reached skill level 1 in Stealth
  2320 | D:3      | Noticed Jessica
  2328 | D:3      | Killed Jessica
  2583 | D:4      | Found a glowing silver altar of Zin.
  2583 | D:4      | Found Gijo's Weapon Boutique.
  2583 | D:4      | Noticed a hand axe
  2584 | D:4      | Noticed a dagger
  2599 | D:4      | Found a hide-covered altar of Uskayaw.
  2604 | D:4      | Reached skill level 5 in Armour
  2637 | D:5      | Entered Level 5 of the Dungeon
  2646 | D:5      | Noticed Eustachio
  2664 | D:5      | Killed Eustachio
  2664 | D:5      | Reached skill level 5 in Fighting
  2664 | D:5      | Reached XP level 8. HP: 9/62 MP: 8/8
  2896 | D:5      | Reached skill level 6 in Long Blades
  3605 | D:5      | Noticed Ijyb
  3628 | D:5      | Killed from afar by Ijyb

Vault maps used:
D:1:      eino_arrival_druids_welcome, minmay_distorted
D:2:      okawaru_gym_becter
D:3:      bloody_trog, uniq_jessica
D:4:      vehumet_altar_wand_db, overflow_temple_1_default,
          dancing_weapons_uskayaw, first_bread, serial_shops, shop
D:5:      black_bear_nest_2, kennysheep_generic_room_3, uniq_ijyb,
          uniq_eustachio, uniq_duvessa

Skill      XL: |  1  2  3  4  5  6  7  8 |
---------------+-------------------------+-----
Fighting       | 4 5 |  5.2
Armour         | 4 5 |  5.0
Long Blades    | 3 5 6 |  6.4
Dodging        | 1 2 |  2.8
Stealth        | 1 |  1.9
Shields        | |  3.6
Evocations     | |  0.2

Action                   |  1- 3 |  4- 6 |  7- 9 || total
-------------------------+-------+-------+-------++-------
Melee: Long sword        |   113 |   153 |   113 ||   379
Evoke: Wand              |       |       |     4 ||     4
  Use: Potion            |       |     1 |       ||     1
 Stab: Sleeping          |       |       |     1 ||     1
  Eat: Chunk             |       |     4 |     5 ||     9
Armor: Scale mail        |    62 |   111 |     3 ||   176
       Robe              |       |       |    36 ||    36
Dodge: Dodged            |    72 |   110 |    84 ||   266
       Rpst.: Long sword |    29 |    38 |    33 ||   100

Table legend:
 A = Spawn XP
 B = Non-spawn XP
 C = Spawn XP percentage of total XP
 D = Spawn monster count
 E = Non-spawn monster count
 F = Spawn count percentage of total count
 G = Total turns spent on level
                    A         B        C        D         E        F      G
               +---------+---------+-------+---------+---------+-------+---------
         Total |       0 |    1303 |   0.0 |       0 |     117 |   0.0 |  3628
               +---------+---------+-------+---------+---------+-------+---------
           D:1 |       0 |      34 |   0.0 |       0 |      21 |   0.0 |   516
           D:2 |       0 |      62 |   0.0 |       0 |      34 |   0.0 |   691
           D:3 |       0 |     265 |   0.0 |       0 |      25 |   0.0 |   612
           D:4 |       0 |     475 |   0.0 |       0 |      26 |   0.0 |   827
           D:5 |       0 |     467 |   0.0 |       0 |      11 |   0.0 |   982
               +---------+---------+-------+---------+---------+-------+---------
